 Dungeon Crawl Stone Soup version 0.30.1-4-g462c640d31 (webtiles) character file.

Game seed: 17111858790290849919

457 hawla the Firebug (level 7, 0/61 HPs)
             Began as a Meteoran Fire Elementalist on Sept 7, 2023.
             Succumbed to a water moccasin's poison
             ... on level 5 of the Dungeon.
             The game lasted 00:06:16 (1656 turns).

hawla the Firebug (Meteoran Fire Elementalist)      Turns: 1656, Time: 00:06:17

Health: 0/61       AC:  4    Str:  9    XL:     7   Next: 52%
Magic:  15/15      EV: 13    Int: 20    God:
Gold:   116        SH:  0    Dex: 14    Spells: 8/15 levels left

rFire   . . .        k - +1 flail (holy)
rCold   . . .        (no shield)
rNeg    . . .        a - +1 robe
rPois   .            g - +0 helmet
rElec   .            (no cloak)
rCorr   .            (no gloves)
SInv    .            (no boots)
Will    .....        (no amulet)
Stlth   +            (no ring)
HPRegen 0.30/turn    (no ring)
MPRegen 0.14/turn

%: no passive effects
@: lethally poisoned (0 -> -25), glowing
A: sense surroundings 1, otherworldly, glowing, explore regen, robust 2
a: no special abilities


You were on level 5 of the Dungeon.
You visited 2 branches of the dungeon, and saw 6 of its levels.

You collected 171 gold pieces.
You spent 55 gold pieces at shops.

Inventory:

Hand Weapons
 k - a +1 flail of holy wrath (weapon)
Armour
 a - a +1 robe (worn)
 g - a +0 helmet (worn)
Scrolls
 c - a scroll of magic mapping {unknown}
 h - a scroll of identify {unknown}
Potions
 b - 2 potions of magic
 e - 2 potions of curing {unknown}
 f - a potion of lignification {unknown}
 i - 2 potions of brilliance {unknown}
 j - 2 potions of cancellation {unknown}


   Skills:
 + Level 0.6 Fighting
 + Level 0.5 Maces & Flails
 + Level 3.2 Dodging
 - Level 1.4 Stealth
 + Level 4.9 Spellcasting
 + Level 5.4 Conjurations
 + Level 5.7 Fire Magic


You had 8 spell levels left.
You knew the following spells:

 Your Spells              Type           Power      Damage    Failure   Level
a - Foxfire               Conj/Fire      100%       2x1d9     1%          1
b - Scorch                Fire           54%        2d7       1%          2
c - Flame Wave            Conj/Fire      27%        2d9       12%         4

Your spell library contained the following spells:

 Spells                   Type           Power      Damage    Failure   Level
 Inner Flame              Hex/Fire       16%        N/A       11%         3
 Volatile Blastmotes      Fire/Tloc      32%        2d12      11%         3
 Freeze                   Ice            16%        1d4       12%         1
 Hailstorm                Conj/Ice       15%        3d5       12%         3
 Sticky Flame             Conj/Fire      27%        2d5       12%         4
 Frozen Ramparts          Ice            8%         1d2       34%         3
 Gell's Gravitas          Tloc           4%         N/A       34%         3
 Teleport Other           Tloc           4%         N/A       34%         3
 Dispersal                Tloc           2%         N/A       100%        6
 Summon Cactus Giant      Summ           2%         N/A       100%        6


Dungeon Overview and Level Annotations

Branches:
Dungeon (5/15) Zot: 1519   Temple (1/1) D:4 Zot: 414

Altars:
Ashenzari
Cheibriados
Dithmenos
Elyvilon
Gozag
Hepliaklqana
Kikubaaqudgha
Okawaru
Trog
Uskayaw
Wu Jian
Xom
Zin

Shops:
D:1 *

Portals:
Sewer: D:5

Annotations:
D:5 3 runed translucent doors, anacleto's ghost, novice TrGl


Innate Abilities, Weirdness & Mutations

You passively map a small area around you.
You are easily found by Zot.
You glow in the dark.
You regain HP and MP as you explore.
You are very robust. (+20% HP)


Message History

You pick up a book of Frost and begin reading...
You add the spells Freeze, Frozen Ramparts and Hailstorm to your library.
A water moccasin comes into view.
The water moccasin hisses angrily.
Unknown command.
A rat comes into view.
Found a glowing drain. 2 river rats come into view.
Found a scroll labelled QATOBA RURHURES and 22 gold pieces.
You enter the shallow water.
Moving in this stuff is going to be slow.
The rat twitches its whiskers.
The river rat closely misses you. The water moccasin barely misses you.
The river rat bites you.
The water moccasin attacks as you move away!
The water moccasin bites you. x2
You are poisoned.
The water moccasin poisons you! The river rat closely misses you.
The river rat bites you!
The water moccasin bites you but does no damage.
The water moccasin attacks as you move away!
The water moccasin misses you.
You hear the brisk rusting of a drain.
You feel very sick. The river rat bites you. The water moccasin bites you.
You are lethally poisoned!
The water moccasin poisons you! The river rat misses you.
The water moccasin bites you.
You are more poisoned.
The water moccasin poisons you!
The water moccasin attacks as you move away!
The water moccasin bites you but does no damage.
* * * LOW HITPOINT WARNING * * *
You feel extremely sick. The water moccasin bites you.
* * * LOW HITPOINT WARNING * * *
There is a glowing drain here.
It was a potion of mutation.
You feel extremely strange.
You feel robust. x2
You die...

........#.#............#
,
#######.#.#..##.####.###
#.#.#..##.# #.###
#######.#.#..##.####.#..
.......~#.#..........#.#
,
###?.~~~#.#......#####.#
, $...~~rr#.#......#
##.# *
##..~~rS#.#......# #<..
#.~~~~@#.#...#.######.#
########.#.....[(.....#
#>..............)
#................
#........########
#...###<....... , ##>.#
######### #### , ,


You could see a water moccasin, 2 river rats and a rat.

Vanquished Creatures
  Edmund (D:4)
  2 scorpions (D:5)
  2 jellies
  An iguana (D:5)
  An orc wizard (D:4)
  4 gnolls (D:5)
  2 adders (D:5)
  A white imp (D:5)
  A worm (D:5)
  A dart slug (D:2)
  5 orcs
  A bat (D:1)
  3 endoplasms
  A giant cockroach (D:1)
  A goblin (D:1)
  5 hobgoblins
  A quokka (D:1)
  2 ball pythons (D:1)
  4 frilled lizards (D:1)
  4 kobolds
  2 rats
45 creatures vanquished.

Vanquished Creatures (others)
  67 foxfires
67 creatures vanquished.

Grand Total: 112 creatures vanquished

Notes
Turn   | Place    | Note
-------+----------+-------------------------------------------
     0 | D:1      | hawla the Meteoran Fire Elementalist began the quest for
                  | the Orb.
     0 | D:1      | Reached XP level 1. HP: 14/14 MP: 5/5
   143 | D:1      | Reached XP level 2. HP: 20/20 MP: 4/6
   146 | D:1      | Learned a level 2 spell: Scorch
   245 | D:1      | Found Faguazxocugh's General Store.
   444 | D:1      | Reached XP level 3. HP: 20/26 MP: 4/8
   486 | D:1      | Bought a potion of heal wounds for 55 gold pieces
   549 | D:2      | Found a broken altar of Ashenzari.
   681 | D:4      | Noticed Edmund
   688 | D:4      | Killed Edmund
   689 | D:4      | Reached skill level 5 in Fire Magic
   689 | D:4      | Reached XP level 4. HP: 33/33 MP: 0/11
   689 | D:4      | Reached XP level 5. HP: 38/38 MP: 0/12
   699 | D:4      | Found a staircase to the Ecumenical Temple.
   708 | Temple   | Entered the Ecumenical Temple
   970 | D:4      | Learned a level 4 spell: Flame Wave
   986 | D:4      | Reached XP level 6. HP: 15/45 MP: 4/13
  1355 | D:5      | Entered Level 5 of the Dungeon
  1358 | D:5      | Found a runed translucent gate.
  1358 | D:5      | Found a runed translucent gate.
  1362 | D:5      | Found a runed translucent gate.
  1363 | D:5      | Noticed anacleto's ghost (novice TrGl)
  1374 | D:5      | Reached skill level 5 in Conjurations
  1432 | D:5      | Reached XP level 7. HP: 50/50 MP: 9/14
  1646 | D:5      | Noticed a water moccasin
  1648 | D:5      | Found a glowing drain.
  1656 | D:5      | Gained mutation: You are robust. (+10% HP) [potion of
                  | mutation]
  1656 | D:5      | Gained mutation: You are very robust. (+20% HP) [potion of
                  | mutation]
  1656 | D:5      | Succumbed to a water moccasin's poison

Illustrated notes

Levels and vault maps discovered:
D:1:      scummos_arrival_simple_crosswalls, layout_loops_corners, serial_shops,
          shop
D:2:      layout_loops_corners, basic_altar, minmay_misc_feat_encased
D:3:      layout_loops_cross, grunt_decor_mini_mirrors
D:4:      layout_gridville, minmay_temple_entry_glass, uniq_edmund
D:5:      layout_basic, portal_sewer_entry_b, gammafunk_ghost_nasty_kobolds
Temple:   nicolae_temple_slightly_damp_pantheon

Skill      XL: |  1  2  3  4  5  6 |
---------------+-------------------+-----
Fire Magic     | 4 5 |  5.7
Spellcasting   | 3 4 |  4.9
Dodging        | 3 |  3.2
Conjurations   | 2 3 5 |  5.4
Fighting       | |  0.6
Maces & Flails | |  0.5
Stealth        | |  1.4

Action                     |  1- 3 |  4- 6 |  7- 9 || total
---------------------------+-------+-------+-------++-------
  Melee: Unarmed           |     1 |       |       ||     1
         Whip              |     4 |       |       ||     4
         Flail             |       |    18 |     5 ||    23
         Punch             |       |       |     1 ||     1
   Cast: Foxfire           |    20 |    12 |    10 ||    42
         Scorch            |    12 |    13 |     4 ||    29
         Flame Wave        |       |     1 |     1 ||     2
    Use: Scroll            |       |     4 |       ||     4
         Potion            |       |     1 |     1 ||     2
 Armour: Robe              |     2 |     7 |     2 ||    11
  Dodge: Dodged            |     4 |    11 |    10 ||    25
